 Dungeon Crawl Stone Soup version 0.25-a0-482-g9b3b753f3f (webtiles) character file.

Game seed: 13669346381340924204, levelgen mode: deterministic

49 ICC the Changer (level 3, 0/18 HPs)
             Began as a Vine Stalker Transmuter on Feb 10, 2020.
             Succumbed to an adder's poison
             ... on level 2 of the Dungeon.
             The game lasted 00:06:52 (876 turns).

ICC the Changer (Vine Stalker Transmuter)            Turns: 876, Time: 00:06:52

Health: 0/18       AC:  3    Str: 13    XL:     3   Next: 75%
Magic:  0/7        EV: 12    Int: 16    God:
Gold:   55         SH:  0    Dex: 14    Spells: 4/7 levels left

rFire    . . .     SeeInvis .   e - +3 dagger
rCold    . . .     Gourm    .   (no shield)
rNeg     . . .     Faith    .   b - +0 robe
rPois    .         Spirit   +   m - +0 helmet
rElec    .         Reflect  .   (no cloak)
rCorr    .         Harm     .   (no gloves)
MR       .....                  (boots currently unavailable)
Stlth    +.........             (no amulet)
HPRegen  0.06/turn              j - ring of flight
MPRegen  0.10/turn              n - +3 ring of intelligence

@: lethally poisoned (0 -> -14), appendage, flying
A: fangs 2, talons 3, magic shield, antimagic bite, no potion heal 3, rot
immunity
a: End Transformation


You were on level 2 of the Dungeon.
You were not hungry.
You had grown temporary talons.
You visited 1 branch of the dungeon, and saw 2 of its levels.

You collected 55 gold pieces.

Inventory:

Hand Weapons
 e - a +3 dagger (weapon)
Missiles
 a - 9 arrows
 f - 55 stones (quivered)
 h - 2 javelins
Armour
 b - a +0 robe (worn)
 m - a +0 helmet (worn)
Jewellery
 j - a ring of flight (left hand)
 n - a +3 ring of intelligence (right hand)
Scrolls
 c - a scroll of teleportation {unknown}
 g - 4 scrolls of identify {unknown}
 i - a scroll of amnesia {unknown}
Potions
 l - a potion of lignification {unknown}
Comestibles
 d - 2 rations


   Skills:
 - Level 1.0 Fighting
 - Level 2.0 Dodging
 - Level 3.0 Unarmed Combat
 + Level 2.6 Spellcasting
 + Level 3.2 Transmutations


You had 4 spell levels left.
You knew the following spells:

 Your Spells              Type           Power        Failure   Level  Hunger
a - Beastly Appendage     Tmut           ##....       4%          1    #......
b - Sticks to Snakes      Tmut           ##......     8%          2    ##.....

Your spell library contained the following spells:

 Spells                   Type           Power        Failure   Level  Hunger
 Spider Form              Tmut/Pois      #.........   30%         3    ###....
 Ice Form                 Ice/Tmut       #.......     69%         4    #####..
 Blade Hands              Tmut           ##........   80%         5    ######.


Dungeon Overview and Level Annotations

Branches:
Dungeon (2/15)

Altars:


Innate Abilities, Weirdness & Mutations

You have extremely sharp teeth.
When hurt, damage is shared between your health and your magic reserves.
Your bite disrupts and absorbs the magic of your enemies.
Potions cannot restore your health.
You are immune to rotting.
You have claws for feet.


Message History

The adder completely misses you. The adder bites you.
You completely miss the adder. Your kick misses the adder.
Your bite misses the adder. The adder bites you.
* * * LOW HITPOINT WARNING * * *
You are poisoned.
The adder poisons you!
You miss the adder. Your bite misses the adder.
* * * LOW HITPOINT WARNING * * *
You feel sick. The adder bites you.
* * * LOW HITPOINT WARNING * * *
You are more poisoned.
The adder poisons you!
You closely miss the adder. Your bite misses the adder. The adder bites you.
* * * LOW HITPOINT WARNING * * *
You are more poisoned.
The adder poisons you!
It was a potion of flight.
You feel very buoyant.
You fly up into the air.
You die...

##..... #......
....... .......
....... #......
#.....####
#....S@.#
#..####.# #..#
#.# #####..##
#.# ........#
#.# ##..<###.#
#.....##.######
##..#.>.........
#..[....#######


You could see an adder.

Vanquished Creatures
  An ooze (D:1)
  A dart slug (D:1)
  A giant cockroach (D:1)
  8 goblins (D:1)
  2 hobgoblins (D:1)
  6 bats (D:1)
  3 frilled lizards (D:1)
  3 kobolds (D:1)
  3 rats (D:1)
28 creatures vanquished.

Vanquished Creatures (collateral kills)
  Jessica (D:2)
1 creature vanquished.

Grand Total: 29 creatures vanquished

Notes
Turn   | Place    | Note
-------+----------+-------------------------------------------
     0 | D:1      | ICC the Vine Stalker Transmuter began the quest for the
                  | Orb.
     0 | D:1      | Reached XP level 1. HP: 9/9 MP: 4/4
    42 | D:1      | Reached skill level 1 in Fighting
   134 | D:1      | Reached XP level 2. HP: 5/14 MP: 3/6
   150 | D:1      | Learned a level 2 spell: Sticks to Snakes
   391 | D:1      | Reached XP level 3. HP: 10/18 MP: 7/7
   844 | D:2      | Noticed Jessica
   853 | D:2      | Killed Jessica
   876 | D:2      | Succumbed to an adder's poison

Levels and vault maps discovered:
D:1:      minmay_arrival_four_circles, layout_basic,
          chequers_serial_rivers_micro_b, minmay_crystal_water, st_stairs_5,
          minmay_three_crescents
D:2:      layout_loops_corners, uniq_jessica

Skill      XL: |  1  2  3 |
---------------+----------+-----
Fighting       | 1 |  1.0
Transmutations | 3 |  3.2
Dodging        | 2 |  2.0
Unarmed Combat | |  3.0
Spellcasting   | |  2.6

Action                   || total
-------------------------++-------
Melee: Unarmed           ||    23
       Kick              ||     6
       Bite              ||    14
       Dagger            ||    51
       Headbutt          ||     4
       Punch             ||     1
Throw: Javelin           ||     6
       Stone             ||    22
 Cast: Beastly Appendage ||    15
       Sticks to Snakes  ||     3
  Use: Potion            ||     1
 Stab: Sleeping          ||     1
Armor: Robe              ||    16
Dodge: Dodged            ||    40

Table legend:
 A = Non-vault XP
 B = Vault XP
 C = Vault XP percentage of total XP
 D = Non-vault monster count
 E = Vault monster count
 F = Vault count percentage of total count
                 A         B        C        D         E       F
            +---------+---------+-------+---------+---------+-------
      Total |      35 |      35 |  50.0 |      18 |      11 |  37.9
            +---------+---------+-------+---------+---------+-------
        D:1 |      35 |      15 |  30.0 |      18 |      10 |  35.7
        D:2 |       0 |      20 | 100.0 |       0 |       1 | 100.0
            +---------+---------+-------+---------+---------+-------
